 Dungeon Crawl Stone Soup version 0.26-a0-854-gdc81c2f471 (webtiles) character file.

Game seed: 16188698374200361595

2287 iamoutofideas the Magician (level 9, -1/65 HPs)
             Began as a Gnoll Air Elementalist on Nov 23, 2020.
             Was an Initiate of Vehumet.
             Slain by a two-headed ogre
             ... wielding a +0 giant spiked club
              (16 damage)
             ... on level 6 of the Dungeon.
             The game lasted 00:19:17 (8942 turns).

iamoutofideas the Magician (Gnoll Air Elementalist) Turns: 8942, Time: 00:19:17

Health: -1/65      AC:  6    Str: 16    XL:     9   Next: 39%
Magic:  9/18       EV: 19    Int: 22    God:    Vehumet [......]
Gold:   403        SH:  0    Dex: 15    Spells: 3/21 levels left

rFire    . . .     SeeInvis .   b - +1 short sword
rCold    . . .     Faith    +   (no shield)
rNeg     . . .     Spirit   .   A - +0 leather armour
rPois    .         Reflect  .   (no helmet)
rElec    .         Harm     .   G - +2 cloak
rCorr    .         Rampage  .   (no gloves)
MR       .....                  (no boots)
Stlth    +++.......             v - amulet of faith
HPRegen  0.20/turn              m - +4 ring of evasion
MPRegen  0.16/turn              q - +6 ring of strength

@: very slightly contaminated
A: distributed training, fangs 1, strong nose
a: Renounce Religion


You were on level 6 of the Dungeon.
You worshipped Vehumet.
Vehumet was noncommittal.
You visited 2 branches of the dungeon, and saw 8 of its levels.

You collected 403 gold pieces.

Inventory:

Hand Weapons
 b - a +1 short sword (weapon)
Missiles
 n - 4 silver javelins
 s - 8 curare-tipped darts
 t - 17 atropa-tipped darts (quivered)
 E - 6 boomerangs of dispersal
Armour
 i - a +0 leather armour
 A - a +0 leather armour (worn)
 G - a +2 cloak (worn)
Jewellery
 d - a +6 ring of dexterity
 m - a +4 ring of evasion (left hand)
 q - a +6 ring of strength (right hand)
 v - an amulet of faith (around neck)
Wands
 u - a wand of flame (10)
 y - a wand of disintegration (11)
 B - a wand of digging (3)
 F - a wand of random effects (6)
Scrolls
 f - 2 scrolls of fog
 p - 2 scrolls of amnesia {unknown}
 w - 2 scrolls of remove curse
 z - 4 scrolls of enchant armour
 D - a scroll of teleportation
Potions
 e - a potion of attraction {unknown}
 g - a potion of curing
 h - a potion of haste
 j - a potion of heal wounds
 k - 2 potions of lignification
 l - 2 potions of ambrosia {unknown}
 o - a potion of brilliance {unknown}
 r - 2 potions of flight {unknown}
 C - a potion of magic {unknown}
 H - a potion of resistance {unknown}


   Skills:
 + Level 4.2 Fighting
 + Level 4.2 Short Blades
 + Level 4.2 Long Blades
 + Level 4.2 Axes
 + Level 4.2 Maces & Flails
 + Level 4.2 Polearms
 + Level 4.2 Staves
 + Level 4.2 Slings
 + Level 4.2 Bows
 + Level 4.2 Crossbows
 + Level 4.2 Throwing
 + Level 4.2 Armour
 + Level 6.3 Dodging
 + Level 6.0 Stealth
 + Level 4.2 Shields
 + Level 4.2 Unarmed Combat
 + Level 6.6 Spellcasting
 + Level 4.1 Conjurations
 + Level 3.4 Hexes
 + Level 3.4 Summonings
 + Level 3.4 Necromancy
 + Level 3.4 Translocations
 + Level 3.4 Transmutations
 + Level 3.4 Fire Magic
 + Level 3.4 Ice Magic
 + Level 6.5 Air Magic
 + Level 3.4 Earth Magic
 + Level 3.4 Poison Magic
 + Level 4.6 Invocations
 + Level 4.2 Evocations


You had 3 spell levels left.
You knew the following spells:

 Your Spells              Type           Power        Failure   Level
a - Shock                 Conj/Air       ####         1%          1
b - Swiftness             Air            #####...     1%          2
c - Static Discharge      Conj/Air       ####....     3%          3
d - Airstrike             Air            #####.....   7%          4
e - Mephitic Cloud        Conj/Pois/Air  ####....     4%          3
f - Blink                 Tloc           N/A          3%          2
g - Stone Arrow           Conj/Erth      ###...       6%          3

Your spell library contained the following spells:

 Spells                   Type           Power        Failure   Level
 Magic Dart               Conj           ####         1%          1
 Foxfire                  Conj/Fire      ###.         2%          1
 Sandblast                Erth           ###...       2%          1
 Call Imp                 Summ           ###.....     3%          2
 Passwall                 Tmut/Erth      ###.....     3%          2
 Slow                     Hex            ###.....     3%          2
 Conjure Flame            Conj/Fire      ###.....     6%          3
 Inner Flame              Hex/Fire       ###.....     8%          3
 Sticky Flame             Conj/Fire      ###.....     22%         4
 Petrify                  Tmut/Erth      ###.....     24%         4
 Lightning Bolt           Conj/Air       ####......   30%         5
 Fireball                 Conj/Fire      ###.......   52%         5
 Lee's Rapid Deconstruct  Erth           ###.......   56%         5


Dungeon Overview and Level Annotations

Branches:
Dungeon (7/15)             Temple (1/1) D:7

Altars:
Ashenzari
Cheibriados
Dithmenos
Elyvilon
Fedhas
Gozag
Hepliaklqana
Kikubaaqudgha
Makhleb
Nemelex Xobeh
Okawaru
Qazlal
Ru
Sif Muna
Trog
Uskayaw
Vehumet
Wu Jian
Xom
Yredelemnul
Zin
The Shining One

Annotations:
D:4 1 exclusion
D:6 Joseph


Innate Abilities, Weirdness & Mutations

Your experience applies equally to all skills.
You have very sharp teeth.
Your uncanny sense of smell can sniff out nearby items.


Message History

Confirm with . or Enter, or press ? or * to list all spells.
You miscast Static Discharge.
You are very lightly contaminated with residual magic.
Nothing appears to happen.
Joseph hits you with a +0 quarterstaff.
Unknown command.
Casting: Static Discharge (dangerous; 3% risk of failure)
Confirm with . or Enter, or press ? or * to list all spells.
Joseph is struck by an arc of lightning!
Joseph is almost dead.
You are struck by an arc of lightning.
The two-headed ogre is struck by an arc of lightning.
The two-headed ogre is moderately wounded.
The lightning grounds out.
The two-headed ogre is struck by an arc of lightning.
The two-headed ogre is heavily wounded.
The lightning grounds out.
The two-headed ogre hits you with a +0 giant spiked club!!
* * * LOW HITPOINT WARNING * * *
The two-headed ogre hits you with a +0 giant club!
You die...

#.##....## #. #.<...#..# #.
#........###. #####
#.....##..... #...#
#.#......>[..
#...####...########.
#...#......# #####.
#..O).####)# #.....
#..@.#####.####...).
#...@...............
#########...######<.##......
#...........# #..####....
#.########### #..####.#..
#.# #.........# #.#
##.##.....# #.# #.##.###.#
#.# #.##.# #.#


You could see Joseph and a two-headed ogre.

Vanquished Creatures
  Harold (D:7)
  The ghost of stormannnn the Chiller, a novice DsIE of Yredelemnul (D:5)
  Grinder (D:6)
  Menkaure (D:6)
  2 ogres
  A phantom (D:7)
  3 howler monkeys
  A vampire bat (D:4)
  3 quasits (D:5)
  4 bullfrog skeletons
  Crazy Yiuf (D:6)
  2 orc wizards (D:6)
  An iguana (D:6)
  A worker ant (D:4)
  4 adders
  3 oozes
  2 dart slugs (D:1)
  3 fire bats (D:4)
  2 leopard geckos
  12 orcs
  2 spectral bats (D:4)
  3 bat skeletons (D:4)
  A bat zombie (D:4)
  4 giant cockroaches
  5 goblins
  6 hobgoblins
  3 ball pythons (D:2)
  13 bats
  A bat simulacrum (D:4)
  5 frilled lizards
  6 kobolds
  A quokka zombie (D:5)
  4 rats
103 creatures vanquished.

Vanquished Creatures (others)
  3 plants (D:7)
3 creatures vanquished.

Grand Total: 106 creatures vanquished

Notes
Turn   | Place    | Note
-------+----------+-------------------------------------------
     0 | D:1      | iamoutofideas the Gnoll Air Elementalist began the quest
                  | for the Orb.
     0 | D:1      | Reached XP level 1. HP: 13/13 MP: 6/6
    32 | D:1      | Reached XP level 2. HP: 19/19 MP: 1/7
   815 | D:1      | Reached XP level 3. HP: 25/25 MP: 7/9
   991 | D:1      | Reached skill level 5 in Spellcasting
   994 | D:1      | Learned a level 2 spell: Swiftness
   998 | D:1      | Learned a level 3 spell: Static Discharge
  1486 | D:2      | Reached skill level 1 in Invocations
  1740 | D:2      | Reached skill level 1 in Fighting
  1740 | D:2      | Reached skill level 1 in Short Blades
  1740 | D:2      | Reached skill level 1 in Long Blades
  1740 | D:2      | Reached skill level 1 in Axes
  1740 | D:2      | Reached skill level 1 in Maces & Flails
  1740 | D:2      | Reached skill level 1 in Polearms
  1740 | D:2      | Reached skill level 1 in Staves
  1740 | D:2      | Reached skill level 1 in Slings
  1740 | D:2      | Reached skill level 1 in Bows
  1740 | D:2      | Reached skill level 1 in Crossbows
  1740 | D:2      | Reached skill level 1 in Throwing
  1740 | D:2      | Reached skill level 1 in Armour
  1740 | D:2      | Reached skill level 1 in Shields
  1740 | D:2      | Reached skill level 1 in Unarmed Combat
  1740 | D:2      | Reached skill level 1 in Evocations
  1837 | D:2      | Reached XP level 4. HP: 32/32 MP: 7/11
  2652 | D:3      | Reached skill level 1 in Hexes
  2652 | D:3      | Reached skill level 1 in Summonings
  2652 | D:3      | Reached skill level 1 in Necromancy
  2652 | D:3      | Reached skill level 1 in Translocations
  2652 | D:3      | Reached skill level 1 in Transmutations
  2652 | D:3      | Reached skill level 1 in Fire Magic
  2652 | D:3      | Reached skill level 1 in Ice Magic
  2652 | D:3      | Reached skill level 1 in Earth Magic
  2652 | D:3      | Reached skill level 1 in Poison Magic
  2657 | D:3      | Learned a level 4 spell: Airstrike
  3079 | D:4      | Reached XP level 5. HP: 27/37 MP: 8/12
  3350 | D:4      | Noticed a black bear
  3839 | D:4      | Reached XP level 6. HP: 42/44 MP: 8/13
  3917 | D:4      | Reached skill level 5 in Dodging
  4716 | D:4      | Found a glowing golden altar of the Shining One.
  4784 | D:4      | Learned a level 3 spell: Mephitic Cloud
  4787 | D:4      | Learned a level 2 spell: Blink
  4868 | D:5      | Entered Level 5 of the Dungeon
  4899 | D:5      | Found a transporter.
  4904 | D:5      | Noticed stormannnn's ghost (novice DsIE)
  4916 | D:5      | Found a transporter.
  5109 | D:5      | Reached XP level 7. HP: 18/50 MP: 6/15
  5334 | D:5      | Found a shimmering altar of Xom.
  5335 | D:5      | Found a shimmering altar of Xom.
  5335 | D:5      | Found a shimmering altar of Xom.
  5335 | D:5      | Found a shimmering altar of Xom.
  5337 | D:5      | Found a shimmering altar of Xom.
  5337 | D:5      | Found a shimmering altar of Xom.
  5337 | D:5      | Found a shimmering altar of Xom.
  5337 | D:5      | Found a shimmering altar of Xom.
  5822 | D:6      | Noticed Menkaure
  5829 | D:6      | Killed Menkaure
  6288 | D:6      | Found a runed translucent door.
  6289 | D:6      | Noticed Crazy Yiuf
  6370 | D:6      | Noticed Grinder
  6377 | D:6      | Paralysed by Grinder for 5 turns
  6387 | D:6      | Killed Grinder
  6388 | D:6      | Reached skill level 5 in Stealth
  6737 | D:6      | Killed Crazy Yiuf
  6738 | D:6      | Reached XP level 8. HP: 42/57 MP: 3/16
  6895 | D:7      | Learned a level 3 spell: Stone Arrow
  6945 | D:7      | Noticed Harold
  8097 | D:5      | Killed stormannnn's ghost
  8421 | D:7      | Killed Harold
  8422 | D:7      | Reached XP level 9. HP: 55/65 MP: 2/18
  8519 | D:7      | Found a staircase to the Ecumenical Temple.
  8548 | D:7      | Noticed Joseph
  8560 | D:7      | Noticed a two-headed ogre
  8576 | Temple   | Entered the Ecumenical Temple
  8782 | Temple   | Became a worshipper of Vehumet
  8942 | D:6      | Slain by a two-headed ogre

Illustrated notes

Levels and vault maps discovered:
D:1:      minmay_arrival_shoal_huts, layout_basic
D:2:      layout_basic, minmay_shallow_snake_nest
D:3:      layout_loops_ring
D:4:      layout_gridville, nicolae_tso_swordbearing_angel, goddamned_bats
D:5:      layout_gridville, gammafunk_ghost_stat_death, xom_redecorated
D:6:      layout_rooms, uniq_grinder, uniq_menkaure, uniq_crazy_yiuf_cottage
D:7:      layout_layer_cave, minmay_temple_entry_gardened_gates, serial_shops,
          shop, uniq_harold, uniq_joseph
Temple:   grunt_wide_crystal_templ

Skill      XL: |  1  2  3  4  5  6  7  8 |
---------------+-------------------------+-----
Conjurations   | 2 3 4 |  4.1
Spellcasting   | 5 6 |  6.6
Invocations    | 1 2 3 4 |  4.6
Fighting       | 1 2 4 |  4.2
Short Blades   | 1 2 4 |  4.2
Long Blades    | 1 2 4 |  4.2
Axes           | 1 2 4 |  4.2
Maces & Flails | 1 2 4 |  4.2
Polearms       | 1 2 4 |  4.2
Staves         | 1 2 4 |  4.2
Slings         | 1 2 4 |  4.2
Bows           | 1 2 4 |  4.2
Crossbows      | 1 2 4 |  4.2
Throwing       | 1 2 4 |  4.2
Armour         | 1 2 4 |  4.2
Shields        | 1 2 4 |  4.2
Unarmed Combat | 1 2 4 |  4.2
Evocations     | 1 2 4 |  4.2
Hexes          | 1 2 3 |  3.4
Summonings     | 1 2 3 |  3.4
Necromancy     | 1 2 3 |  3.4
Translocations | 1 2 3 |  3.4
Transmutations | 1 2 3 |  3.4
Fire Magic     | 1 2 3 |  3.4
Ice Magic      | 1 2 3 |  3.4
Earth Magic    | 1 2 3 |  3.4
Poison Magic   | 1 2 3 |  3.4
Dodging        | 5 6 |  6.3
Stealth        | 5 6 |  6.0
Air Magic      | 6 |  6.5

Action                   |  1- 3 |  4- 6 |  7- 9 || total
-------------------------+-------+-------+-------++-------
Melee: Unarmed           |     3 |     5 |       ||     8
       Short sword       |       |    24 |    25 ||    49
       Bite              |       |     3 |     4 ||     7
       Punch             |       |     2 |     1 ||     3
 Cast: Shock             |    63 |    94 |    57 ||   214
       Airstrike         |       |     1 |    16 ||    17
       Swiftness         |       |     1 |     6 ||     7
       Blink             |       |       |     4 ||     4
       Static Discharge  |       |       |    12 ||    12
       Mephitic Cloud    |       |       |     5 ||     5
Evoke: Wand              |       |       |     6 ||     6
  Use: Scroll            |     1 |     3 |     7 ||    11
       Potion            |       |       |     3 ||     3
 Stab: Sleeping          |     1 |     3 |       ||     4
       Confused          |       |       |     5 ||     5
Armor: Robe              |     2 |       |       ||     2
       Leather armour    |       |       |    15 ||    15
Dodge: Dodged            |     7 |   107 |    99 ||   213

Table legend: (Time is in decaauts)
 A = Elapsed time spent in this place.
 B = Non-inter-level travel time spent in this place.
 C = Inter-level travel time spent in this place.
 D = Time resting spent in this place.
 E = Time spent auto-exploring this place.
 F = Levels seen in this place.
 G = Mean time per level.
                   A        B        C        D        E       F      G
               +--------+--------+--------+--------+--------+-----+--------+
         Total |   8940 |   8535 |    405 |   3004 |   4555 |   8 | 1117.5 |
       Dungeon |   8728 |   8343 |    385 |   2915 |   4484 |   7 | 1246.9 |
        Temple |    211 |    191 |     20 |     89 |     71 |   1 |  211.0 |
               +--------+--------+--------+--------+--------+-----+--------+

Top non-repeatable levels by time:
     D:4: 2158 daAuts
     D:6: 1956 daAuts
     D:5: 1308 daAuts
     D:1: 1241 daAuts
     D:3: 910 daAuts
     D:2: 820 daAuts
     D:7: 333 daAuts
  Temple: 211 daAuts
